 Dungeon Sprint DCSS version 0.31-a0-1-g4198be8af4 (webtiles) character file.

Game seed: 16415763904661102208

662 rocky1 the Magician (level 7, -28/90 HPs)
             Began as a Gnoll Warper on May 1, 2023.
             Was a High Priest of Vehumet.
             Annihilated by a phantasmal warrior (37 damage)
             ... in the Dungeon (Sprint VII: "The Pits").
             The game lasted 00:03:13 (1128 turns).

rocky1 the Magician (Gnoll Warper)                  Turns: 1128, Time: 00:03:13

Health: -28/90     AC:  3    Str: 10    XL:     7   Next: 56%
Magic:  17/18      EV: 14    Int: 14    God:    Vehumet [*****.]
Gold:   0          SH:  0    Dex: 12    Spells: 9/21 levels left

rFire   . . .        m - +2 trident (venom)
rCold   . . .        (no shield)
rNeg    . . .        b - +0 leather armour
rPois   .            (no helmet)
rElec   .            (no cloak)
rCorr   .            (no gloves)
SInv    .            (no boots)
Will    .....        (no amulet) Stlth
                     (no ring)
HPRegen 0.35/turn    (no ring)
MPRegen 0.16/turn

%: no teleportation
@: berserking, lethally poisoned (-28 -> -35), slowed, invisible
A: fangs 1, strong nose, distributed training
a: Renounce Religion


You were in the Dungeon.
You worshipped Vehumet.
Vehumet was extremely pleased with you.
You visited 1 branch

Inventory:

Hand Weapons
 m - a +2 trident of venom (weapon)
 n - a +2 heavy trident
Missiles
 d - 7 boomerangs of dispersal (quivered)
Armour
 b - a +0 leather armour (worn)
Scrolls
 c - 2 scrolls of blinking
 k - 5 scrolls of amnesia
 l - a scroll of butterflies
Potions
 e - 6 potions of curing
 f - a potion of heal wounds
 g - a potion of haste
 h - 4 potions of magic
 j - a potion of invisibility


   Skills:
 + Level 7.5 Fighting
 + Level 5.8 Short Blades
 + Level 5.8 Long Blades
 + Level 5.8 Axes
 + Level 5.8 Maces & Flails
 + Level 7.5 Polearms
 + Level 5.8 Staves
 + Level 5.8 Ranged Weapons
 + Level 6.4 Throwing
 + Level 6.4 Armour
 + Level 7.5 Dodging
 + Level 5.8 Stealth
 + Level 5.8 Shields
 + Level 5.8 Unarmed Combat
 + Level 7.8 Spellcasting
 + Level 4.8 Conjurations
 + Level 4.8 Hexes
 + Level 4.8 Summonings
 + Level 4.8 Necromancy
 + Level 7.4 Translocations
 + Level 4.8 Transmutations
 + Level 4.8 Fire Magic
 + Level 4.8 Ice Magic
 + Level 4.8 Air Magic
 + Level 4.8 Earth Magic
 + Level 4.8 Poison Magic
 + Level 6.4 Invocations
 + Level 5.8 Evocations


You had 9 spell levels left.
You knew the following spells:

 Your Spells              Type           Power      Damage    Failure   Level
a - Foxfire               Conj/Fire      76%        2x1d7     1%          1
b - Blink                 Tloc           52%        N/A       1%          2
c - Scorch                Fire           38%        2d6       1%          2
d - Manifold Assault      Tloc           26%        N/A       8%          4
e - Vhi's Electric Charg  Tloc/Air       44%        N/A       4%          3

Your spell library contained the following spells:

 Spells                   Type           Power      Damage    Failure   Level
 Volatile Blastmotes      Fire/Tloc      44%        2d13      1%          3
 Lesser Beckoning         Tloc           52%        N/A       1%          2
 Teleport Other           Tloc           26%        N/A       2%          3


Dungeon Overview and Level Annotations

Branches:
Dungeon (1/1)

Altars:
Ashenzari
Cheibriados
Dithmenos
Elyvilon
Fedhas
Gozag
Hepliaklqana
Kikubaaqudgha
Makhleb
Nemelex Xobeh
Okawaru
Qazlal
Ru
Sif Muna
Trog
Uskayaw
Vehumet
Wu Jian
Xom
Yredelemnul
Zin
The Shining One
Jiyva
Lugonu


Innate Abilities, Weirdness & Mutations

You have very sharp teeth.
Your uncanny sense of smell can sniff out nearby items.
Your experience applies equally to all skills.


Message History

Confirm with . or Enter, or press ? or * to list all spells.
Okay, then.
Casting: Foxfire (safe; 1% risk of failure)
Confirm with . or Enter, or press ? or * to list all spells.
You blink.
The hornet stings you but does no damage.
The floating eye's view fixates on you.
Unknown command.
Casting: Blink (safe; 1% risk of failure)
Confirm with . or Enter, or press ? or * to list all spells.
You are still too unstable to blink.
Unknown command.
You fade into invisibility!
The hornet closely misses you. The phantasmal warrior gestures at you.
The phantasmal warrior blinks!
The hornet closely misses you.
A red film seems to cover your vision as you go berserk!
You feel yourself moving faster!
You feel mighty! The hornet misses you.
The phantasmal warrior barely misses you.
The floating eye gazes piercingly through you!
You suddenly lose the ability to move!
You feel stable enough to blink again. The hornet barely misses you.
The phantasmal warrior hits you!! The hornet stings you!
* * * LOW HITPOINT WARNING * * *
You are poisoned.
You feel yourself slow down.
You feel very sick. The hornet stings you!
* * * LOW HITPOINT WARNING * * *
You feel as though you will be slow longer.
The phantasmal warrior barely misses you.
The floating eye's view fixates on you.
You can move again.
You are too berserk!
You puncture the floating eye!
The floating eye is almost dead.
* * * LOW HITPOINT WARNING * * *
You feel sick. The hornet barely misses you. The phantasmal warrior hits you!!!
You die...

#.#..########...<...#
#.#..'..))[##.......#
#.#..#.)))[##.......#
#'###########.......#
#.†.....#.. #########
#..###..#.######
#.......#.#....#∆∆∆∆
##.###.##'#.G..#∆∆∆∆
#.......#.'.@y.+∆∆∆∆
#..###..#'#..W.#∆∆∆∆
#.......')#....#∆∆∆∆
################


You could see a phantasmal warrior, a hornet (unable to see you) and a floating
eye (charged).

Vanquished Creatures
  Prince Ribbit (D)
  A wraith (D)
  Menkaure (D)
  A necrophage (D)
  A scorpion (D)
  2 crimson imps (D)
  An adder (D)
  An ufetubus (D)
  An adder zombie (D)
  An endoplasm (D)
  A giant cockroach (D)
  A goblin (D)
  A hobgoblin (D)
  A quokka (D)
  3 frilled lizards (D)
  A giant cockroach zombie (D)
  2 quokka zombies (D)
21 creatures vanquished.

Vanquished Creatures (others)
  5 foxfires (D)
5 creatures vanquished.

Grand Total: 26 creatures vanquished

Notes
Turn   | Place    | Note
-------+----------+-------------------------------------------
     0 | D        | rocky1 the Gnoll Warper began the quest for the Orb.
     0 | D        | Reached XP level 1. HP: 20/20 MP: 6/6
    44 | D        | Found a bloodstained altar of Trog.
    44 | D        | Found a shimmering blue altar of Sif Muna.
    44 | D        | Found a viscous altar of Jiyva.
    44 | D        | Found a hazy altar of Hepliaklqana.
    44 | D        | Found an opulent altar of Gozag.
    45 | D        | Found a glowing golden altar of the Shining One.
    45 | D        | Found a glowing silver altar of Zin.
    45 | D        | Found a basalt altar of Yredelemnul.
    45 | D        | Found a shimmering altar of Xom.
    45 | D        | Found an ornate altar of the Wu Jian Council.
    45 | D        | Found a sacrificial altar of Ru.
    45 | D        | Found a stormy altar of Qazlal.
    45 | D        | Found an iron altar of Okawaru.
    45 | D        | Found a sparkling altar of Nemelex Xobeh.
    45 | D        | Found a burning altar of Makhleb.
    45 | D        | Found a blossoming altar of Fedhas.
    45 | D        | Found a white marble altar of Elyvilon.
    45 | D        | Found a shadowy altar of Dithmenos.
    45 | D        | Found a snail-covered altar of Cheibriados.
    48 | D        | Found a corrupted altar of Lugonu.
    48 | D        | Found a radiant altar of Vehumet.
    49 | D        | Found an ancient bone altar of Kikubaaqudgha.
    49 | D        | Found a hide-covered altar of Uskayaw.
    49 | D        | Found a broken altar of Ashenzari.
    57 | D        | Became a worshipper of Vehumet
    77 | D        | Reached skill level 5 in Spellcasting
    90 | D        | Reached * piety under Vehumet
    90 | D        | Offered knowledge of Foxfire by Vehumet.
    93 | D        | Reached skill level 1 in Short Blades
    93 | D        | Reached skill level 1 in Long Blades
    93 | D        | Reached skill level 1 in Axes
    93 | D        | Reached skill level 1 in Maces & Flails
    93 | D        | Reached skill level 1 in Staves
    93 | D        | Reached skill level 1 in Ranged Weapons
    93 | D        | Reached skill level 1 in Stealth
    93 | D        | Reached skill level 1 in Shields
    93 | D        | Reached skill level 1 in Unarmed Combat
    93 | D        | Reached skill level 1 in Invocations
    93 | D        | Reached skill level 1 in Evocations
    93 | D        | Reached XP level 2. HP: 26/26 MP: 8/8
    95 | D        | Learned a level 1 spell: Foxfire
    98 | D        | Learned a level 2 spell: Blink
   106 | D        | Offered knowledge of Momentum Strike by Vehumet.
   106 | D        | Reached ** piety under Vehumet
   107 | D        | Reached skill level 1 in Conjurations
   107 | D        | Reached skill level 1 in Hexes
   107 | D        | Reached skill level 1 in Summonings
   107 | D        | Reached skill level 1 in Necromancy
   107 | D        | Reached skill level 1 in Transmutations
   107 | D        | Reached skill level 1 in Fire Magic
   107 | D        | Reached skill level 1 in Ice Magic
   107 | D        | Reached skill level 1 in Air Magic
   107 | D        | Reached skill level 1 in Earth Magic
   107 | D        | Reached skill level 1 in Poison Magic
   107 | D        | Noticed a scorpion
   115 | D        | Killed a scorpion
   116 | D        | Reached skill level 5 in Fighting
   116 | D        | Reached skill level 5 in Polearms
   116 | D        | Reached skill level 5 in Dodging
   116 | D        | Reached XP level 3. HP: 16/33 MP: 10/10
   116 | D        | Reached XP level 4. HP: 19/39 MP: 11/11
   465 | D        | Noticed Menkaure
   475 | D        | Offered knowledge of Scorch by Vehumet.
   479 | D        | Reached *** piety under Vehumet
   485 | D        | Killed Menkaure
   486 | D        | Reached skill level 5 in Throwing
   486 | D        | Reached skill level 5 in Armour
   486 | D        | Reached XP level 5. HP: 45/47 MP: 14/14
   486 | D        | Reached XP level 6. HP: 51/53 MP: 15/15
   486 | D        | Reached **** piety under Vehumet
   641 | D        | Learned a level 2 spell: Scorch
   657 | D        | Offered knowledge of Olgreb's Toxic Radiance by Vehumet.
   663 | D        | Learned a level 4 spell: Manifold Assault
   667 | D        | Learned a level 3 spell: Vhi's Electric Charge
   669 | D        | Noticed a wraith
   684 | D        | Killed a wraith
   685 | D        | Reached skill level 5 in Short Blades
   685 | D        | Reached skill level 5 in Long Blades
   685 | D        | Reached skill level 5 in Axes
   685 | D        | Reached skill level 5 in Maces & Flails
   685 | D        | Reached skill level 5 in Staves
   685 | D        | Reached skill level 5 in Ranged Weapons
   685 | D        | Reached skill level 5 in Stealth
   685 | D        | Reached skill level 5 in Shields
   685 | D        | Reached skill level 5 in Unarmed Combat
   685 | D        | Reached skill level 5 in Invocations
   685 | D        | Reached skill level 5 in Evocations
   873 | D        | Noticed Prince Ribbit
   882 | D        | Killed Prince Ribbit
   882 | D        | Offered knowledge of Volatile Blastmotes by Vehumet.
   883 | D        | Reached XP level 7. HP: 47/60 MP: 18/18
   893 | D        | Reached ***** piety under Vehumet
  1121 | D        | Noticed a hornet
  1121 | D        | Noticed a phantasmal warrior
  1125 | D        | Paralysed by a floating eye for 3 turns
  1128 | D        | Annihilated by a phantasmal warrior

Illustrated notes

Levels and vault maps discovered:
D:        pitsprint [storerooms_1, entrance_room_1, metal_vault_8, armoury_2,
          mini_pit_1, grid_room_1, main_hall_1, silver_pit, the_coven_2,
          the_vestibule_1, steel_vault_1, golden_pit, hallway_of_sentries,
          crystal_vault_2, iron_vault_5, final_vault]

Skill      XL: |  1  2  3  4  5  6 |
---------------+-------------------+-----
Spellcasting   | 5 6 7 |  7.8
Short Blades   | 1 2 4 5 |  5.8
Long Blades    | 1 2 4 5 |  5.8
Axes           | 1 2 4 5 |  5.8
Maces & Flails | 1 2 4 5 |  5.8
Staves         | 1 2 4 5 |  5.8
Ranged Weapons | 1 2 4 5 |  5.8
Stealth        | 1 2 4 5 |  5.8
Shields        | 1 2 4 5 |  5.8
Unarmed Combat | 1 2 4 5 |  5.8
Invocations    | 1 2 4 6 |  6.4
Evocations     | 1 2 4 5 |  5.8
Conjurations   | 2 3 4 |  4.8
Hexes          | 2 3 4 |  4.8
Summonings     | 2 3 4 |  4.8
Necromancy     | 2 3 4 |  4.8
Transmutations | 2 3 4 |  4.8
Fire Magic     | 2 3 4 |  4.8
Ice Magic      | 2 3 4 |  4.8
Air Magic      | 2 3 4 |  4.8
Earth Magic    | 2 3 4 |  4.8
Poison Magic   | 2 3 4 |  4.8
Fighting       | 5 6 7 |  7.5
Polearms       | 5 6 7 |  7.5
Throwing       | 3 5 6 |  6.4
Armour         | 3 5 6 |  6.4
Dodging        | 5 6 7 |  7.5
Translocations | 6 7 |  7.4

Action                     |  1- 3 |  4- 6 |  7- 9 || total
---------------------------+-------+-------+-------++-------
  Melee: Trident           |    13 |    35 |    14 ||    62
         Spear             |     1 |       |       ||     1
         Punch             |     1 |     1 |     1 ||     3
         Bite              |       |     4 |     1 ||     5
   Cast: Foxfire           |     3 |       |       ||     3
         Blink             |       |       |     1 ||     1
    Use: Potion            |       |     7 |     2 ||     9
   Stab: Sleeping          |     1 |     2 |     1 ||     4
 Armour: Leather armour    |     1 |     2 |     1 ||     4
  Dodge: Dodged            |     5 |    31 |    11 ||    47

Table legend: (Time is in decaauts)
 A = Elapsed time spent in this place.
 B = Non-inter-level travel time spent in this place.
 C = Inter-level travel time spent in this place.
 D = Time resting spent in this place.
 E = Time spent auto-exploring this place.
 F = Levels seen in this place.
 G = Mean time per level.
                   A        B        C        D        E       F      G
               +--------+--------+--------+--------+--------+-----+--------+
         Total |   1188 |   1170 |     18 |    901 |      0 |   1 | 1188.0 |
       Dungeon |   1188 |   1170 |     18 |    901 |      0 |   1 | 1188.0 |
               +--------+--------+--------+--------+--------+-----+--------+

Top non-repeatable levels by time:
       D: 1188 daAuts
